Map: Blueshift LE

Players

Odin

  • Race: Zerg Zerg
  • League: Gold
  • Spawn Location: 7:00

keyser - Winner!

  • Race: Terran Terran
  • League: Gold
  • Spawn Location: 1:00

VOD

Have the link to the VOD?

Description

Time

  • Played on: Dec. 7, 2018, 4:13 a.m.
  • Length: 11:10
Show
View Real Time Build Order
Export as new Build Order

Odin Zerg 

Build Orders: Pool First 

Get SALT Encoding   

  12  0:20  Spawning Pool  
  11  0:42  Drone x2  
  13  0:45  Overlord  
  13  1:00  Extractor  
  13  1:01  Drone  
  13  1:09  Drone  
  14  1:27  Zergling x4  
  16  1:34  Hatchery  
  15  1:44  Drone  
  16  1:51  Drone  
  17  1:57  Queen  
  19  2:10  Drone  
  19  2:11  Drone  
  20  3:07  Drone x5  
  20  3:08  Queen  
  20  3:11  Lair  
  26  3:15  Drone  
  27  3:21  Roach Warren  
  27  3:22  Hatchery  
  25  3:34  Extractor  
  25  3:36  Drone  
  25  3:37  Drone x3  
  27  3:54  Zergling x2  
  28  3:57  Overlord x2  
  28  4:28  Metabolic Boost  
  28  4:32  Queen  
  30  4:39  Hydralisk Den  
  30  4:40  Glial Reconstitution  
  30  4:42  Roach x2  
  30  4:43  Roach x3  
  39  4:51  Drone x3  
  39  4:52  Drone  
  43  5:14  Roach x4  
  50  5:16  Overlord  
  50  5:34  Extractor  
  47  5:48  Ravager  
  49  5:50  Ravager  
  49  5:51  Ravager  
  47  6:02  Ravager  
  47  6:03  Ravager  
  49  6:05  Roach  
  49  6:11  Extractor  
  50  6:17  Overlord x3  
  50  6:37  Drone x2  
  50  6:38  Drone  
  40  7:15  Nydus Network  
  39  7:16  Drone x5  
  39  7:17  Drone x9  
  39  7:20  Roach x4  
  61  7:38  Spine Crawler x2  
  59  7:56  Nydus Canal  
  59  8:04  Hydralisk x3  
  65  8:06  Hydralisk  
  65  8:08  Overlord x2  
  59  9:28  Hatchery  
  58  9:46  Lurker Den  
  58  9:52  Roach Warren  
  56  10:42  Extractor  
  55  10:43  Extractor  
Show
View Real Time Build Order
Export as new Build Order

keyser Terran - Winner!

Build Orders:  

Get SALT Encoding   

  12  0:00  SCV  
  13  0:16  Supply Depot  
  13  0:17  SCV  
  14  0:29  SCV  
  15  0:39  Barracks  
  15  0:43  Refinery  
  15  0:45  SCV  
  16  0:57  SCV  
  17  1:09  SCV  
  18  1:21  SCV  
  19  1:31  Supply Depot  
  19  1:32  Reaper  
  20  1:33  Orbital Command  
  20  1:38  Refinery  
  20  2:01  SCV  
  21  2:05  Factory  
  21  2:06  Marine  
  22  2:15  SCV  
  23  2:23  Marine  
  23  2:44  Marine  
  21  3:09  Factory Tech Lab  
  21  3:12  Barracks  
  20  3:14  Barracks  
  20  3:15  Marine  
  21  3:28  Siege Tank  
  21  3:32  Marine  
  25  3:50  Marine  
  26  4:05  Hellion  
  26  4:07  Infernal Pre-Igniter  
  26  4:08  Marine x3  
  31  4:15  Starport  
  31  4:42  Supply Depot  
  31  4:44  Supply Depot  
  31  4:46  Supply Depot  
  31  5:01  Liberator  
  31  5:03  Marine x3  
  31  5:04  Hellion  
  38  5:21  Marine x3  
  38  5:24  Supply Depot  
  38  5:25  Hellion  
  43  5:39  Marine x3  
  45  5:44  Liberator  
  45  5:47  Hellion  
  43  5:57  Marine x2  
  43  6:00  Marine  
  48  6:15  Marine  
  50  6:29  Siege Tank  
  50  6:32  Marine, Barracks Tech Lab  
  52  6:35  Barracks Tech Lab  
  52  6:50  Marine  
  45  6:59  Marine x2  
  47  7:01  Siege Tank  
  47  7:08  Marine  
  51  7:17  Marine  
  52  7:26  Marine  
  52  7:27  Starport Reactor  
  53  7:43  Marauder x2  
  53  7:44  Marine  
  58  8:01  Marine  
  58  8:04  Marauder  
  58  8:05  Marauder  
  63  8:19  Marine  
  63  8:25  Marine  
  47  8:37  Marine  
  46  8:43  Marine  
  45  8:55  Marine  
Tags
 
League
GoldGold
Matchup
TvZ
Opening
Pool First
Spawn Locations
Cross Positions
Add a new tag
Caveats
  • Supply blocks, unpowered buildings, or Contaminate may cause inaccurate times.
  • Supply counts are checked every 10 seconds.